 Dungeon Crawl Stone Soup version 0.29.0-13-gc9e81de378 (webtiles) character file.

Game seed: 18221061424629054934

276969 iguanaiguana the Severer (level 19, -4/174 HPs)
             Began as a Minotaur Fighter on Sept 7, 2022.
             Was a High Priest of Qazlal.
             Slain by a spriggan berserker
             ... wielding a +0 rapier
              (25 damage)
             ... on level 1 of the Depths.
             The game lasted 00:54:07 (40604 turns).

iguanaiguana the Severer (Minotaur Fighter)        Turns: 40604, Time: 00:54:07

Health: -4/174     AC: 31    Str: 34    XL:     19   Next: 16%
Magic:  31/31      EV: 12    Int:  8    God:    Qazlal [*****.]
Gold:   1262       SH: 21    Dex: 11    Spells: 18/18 levels left

rFire   + + .      SeeInvis +   b - +5 broad axe (flame)
rCold   + + +      Faith    +   O - +2 shield of Resistance {rF++ rC++ Will++}
rNeg    . . .      Spirit   .   A - +3 chain mail of Xounamonk {rC+ Slay+5}
rPois   .          Reflect  .   m - +2 hat {Int+3}
rElec   .          Harm     .   H - +2 cloak
rCorr   .          Rampage  .   y - +2 pair of gloves
Will    +++..                   W - +2 pair of boots {Fly}
Stlth   ..........              z - amulet of faith
HPRegen 0.39/turn               L - ring of see invisible
MPRegen 0.22/turn               P - +6 ring of strength

@: marked, protected from physical damage, flying, repel missiles
A: horns 2, retaliatory headbutt
}: 3/15 runes: decaying, serpentine, abyssal
a: Renounce Religion, Upheaval, Elemental Force, Disaster Area


You were on level 1 of the Depths.
You worshipped Qazlal.
Qazlal was extremely pleased with you.
You visited 7 branches of the dungeon, and saw 33 of its levels.
You visited the Abyss 2 times.
You also visited: Ossuary and Gauntlet.

You collected 3679 gold pieces.
You spent 2417 gold pieces at shops.

Inventory:

Hand Weapons
 a - the +5 war axe of Boshru {flame, rElec rN+ Will++ Stlth-}
   (You bought it in a shop on level 4 of the Dungeon)

   It burns those it strikes, dealing additional fire damage.
   Big, fiery blades are also staple armaments of hydra-hunters.
   rElec:     It insulates you from electricity.
   rN:        It protects you from negative energy.
   Will:      It greatly increases your willpower.
   Stlth:     It makes you less stealthy.
 b - a +5 broad axe of flaming (weapon)
Missiles
 J - 23 boomerangs (quivered)
 K - 2 silver javelins
 N - 6 curare-tipped darts
 Q - 2 throwing nets
 S - 14 javelins
Armour
 e - a +4 chain mail of poison resistance
 m - a +2 hat of intelligence (worn)
 y - a +2 pair of gloves (worn)
 A - the +3 chain mail of Xounamonk (worn) {rC+ Slay+5}
   (You found it on level 3 of the Lair of Beasts)

   Slay:      It affects your accuracy & damage with ranged weapons and melee
   (+5).
   rC:        It protects you from cold.
 H - a +2 cloak (worn)
 O - the +2 shield of Resistance (worn) {rF++ rC++ Will++}
   (You found it on level 1 of the Swamp)

   rF:        It greatly protects you from fire.
   rC:        It greatly protects you from cold.
   Will:      It greatly increases your willpower.
 W - a +2 pair of boots of flying (worn)
Jewellery
 c - a +4 ring of evasion
 v - a ring of positive energy
 z - an amulet of faith (around neck)
 L - a ring of see invisible (left hand)
 P - a +6 ring of strength (right hand)
Wands
 D - a wand of mindburst (15)
 G - a wand of light (9)
 M - a wand of charming (27)
 R - a wand of polymorph (15)
 T - a wand of digging (19) {@v3}
 V - a wand of flame (19)
 Y - a wand of iceblast (16) {@v2}
Scrolls
 h - 7 scrolls of blinking {@r4}
 l - 6 scrolls of magic mapping {@r5}
 p - 9 scrolls of fear
 q - 6 scrolls of poison
 s - 4 scrolls of immolation
 w - 2 scrolls of butterflies
 x - 12 scrolls of teleportation {@r3}
 E - 2 scrolls of silence
 F - 4 scrolls of summoning
Potions
 d - 4 potions of might {@q3}
 f - 4 potions of berserk rage
 g - 2 potions of heal wounds {@q2}
 i - 2 potions of lignification
 j - 5 potions of mutation
 k - 11 potions of curing {@q1}
 n - a potion of cancellation {unknown}
 o - a potion of invisibility
 r - 3 potions of ambrosia
 u - 2 potions of haste {@q4}
 B - a potion of resistance {@q5}
 X - a potion of magic
Miscellaneous
 t - a phial of floods
 C - a tin of tremorstones (2/2)
 I - a condenser vane
 U - a box of beasts
 Z - a phantom mirror


   Skills:
 + Level 16.8 Fighting
 - Level 18.0 Axes
 + Level 11.3 Throwing
 - Level 12.2 Armour
 + Level 11.3 Dodging
 - Level 16.0 Shields
 * Level 18.0 Invocations
 - Level 8.0 Evocations


You had 18 spell levels left.
You didn't know any spells.
Your spell library contained the following spells:

 Spells                   Type           Power      Damage    Failure   Level
 Foxfire                  Conj/Fire      0%         2x1d4     93%         1
 Magic Dart               Conj           0%         1d3       93%         1
 Necrotise                Necr           0%         1d4       93%         1
 Sting                    Tmut/Pois      0%         1d3       93%         1
 Summon Small Mammal      Summ           0%         N/A       93%         1
 Call Imp                 Summ           0%         N/A       98%         2
 Poisonous Vapours        Pois/Air       0%         N/A       98%         2
 Searing Ray              Conj           0%         2d4       98%         2
 Call Canine Familiar     Summ           0%         N/A       100%        3
 Conjure Flame            Conj/Fire      0%         6-21      100%        3
 Inner Flame              Hex/Fire       0%         N/A       100%        3
 Mephitic Cloud           Conj/Pois/Air  0%         N/A       100%        3
 Summon Guardian Golem    Hex/Summ       0%         N/A       100%        3
 Vampiric Draining        Necr           0%         2d6       100%        3
 Cause Fear               Hex            0%         N/A       100%        4
 Flame Wave               Conj/Fire      0%         2d4       100%        4
 Fulminant Prism          Conj/Hex       0%         3d6       100%        4
 Iskenderun's Mystic Bla  Conj/Tloc      0%         2d3       100%        4
 Leda's Liquefaction      Hex/Erth       0%         N/A       100%        4
 Olgreb's Toxic Radiance  Pois           0%         N/A       100%        4
 Passage of Golubria      Tloc           0%         N/A       100%        4
 Agony                    Necr           0%         N/A       100%        5
 Irradiate                Conj/Tmut      0%         3d11      100%        5
 Lee's Rapid Deconstruct  Erth           0%         3d5*      100%        5
 Silence                  Hex/Air        0%         N/A       100%        5
 Summon Forest            Summ/Tloc      0%         N/A       100%        5
 Summon Mana Viper        Hex/Summ       0%         N/A       100%        5
 Starburst                Conj/Fire      0%         6d3       100%        6
 Statue Form              Tmut/Erth      0%         N/A       100%        6
 Summon Cactus Giant      Summ           0%         N/A       100%        6
 Ozocubu's Refrigeration  Ice            0%         4d7       100%        7
 Discord                  Hex            0%         N/A       100%        8
 Ignition                 Fire           0%         3d3       100%        8
 Lehudib's Crystal Spear  Conj/Erth      0%         10d2      100%        8


Dungeon Overview and Level Annotations

Branches:
Dungeon (15/15) Zot: 24604  Temple (1/1) D:5 Zot: 5960    Lair (5/5) D:9 Zot: 22295
  Swamp (4/4) Lair:2 Zot: 19834   Snake (4/4) Lair:2 Zot: 18151   Slime (0/5) Lair:5
    Orc (2/2) D:11 Zot: 10086     Elf (0/3) Orc:2        Vaults (0/5) D:14
 Depths (2/4) D:15 Zot: 11361 Ossuary (visited)         Gauntlet (visited)

Altars:
Ashenzari
Dithmenos
Elyvilon
Fedhas
Gozag
Kikubaaqudgha
Makhleb
Okawaru
Qazlal
Ru
Sif Muna
Trog
Uskayaw
Vehumet
Wu Jian
Xom
Yredelemnul
Zin
Jiyva

Shops:
D:4 (   Orc:2 *(*?   Snake:1 :=:

Portals:
Hell: Lair:5 Depths:1

Annotations:
D:12 1 runed translucent door
D:14 Roxanne
Swamp:2 3 exclusions
Snake:2 sleeves's ghost, adept BaSu


Innate Abilities, Weirdness & Mutations

You have a pair of horns on your head.
You reflexively headbutt those who attack you in melee.


Message History

You slash the white very ugly thing! You burn the white very ugly thing.
The white very ugly thing is heavily wounded.
The walking crystal tome erupts in a flurry of living spells!
You hit the white very ugly thing. You burn the white very ugly thing.
The white very ugly thing is severely wounded.
You slash the purple ugly thing! You burn the purple ugly thing.
You slice the white very ugly thing!! You burn the white very ugly thing!
You kill the white very ugly thing!
You slash the purple ugly thing! You burn the purple ugly thing.
The living spell casts itself at you. The crystal spear hits you!!!
The purple ugly thing attacks as you move away!
A fire dragon comes into view.
The spriggan berserker prays to Trog.
The spriggan berserker goes berserk!
The purple ugly thing attacks as you move away!
A tengu conjurer comes into view.
The spriggan berserker hits you with a +0 rapier!!
* * * LOW HITPOINT WARNING * * *
Your resistance to cold fades away.
You feel protected from physical attacks.
The fire dragon breathes flames at you. The blast of flame hits you!
You resist.
* * * LOW HITPOINT WARNING * * *
There is a stone staircase leading up, spattered with blood here.
The fire dragon breathes flames at you. The blast of flame hits you!
You resist.
* * * LOW HITPOINT WARNING * * *
The spriggan berserker hits you with a +0 rapier!
* * * LOW HITPOINT WARNING * * *
You fly upwards.
There is a stone staircase leading down here.
As you read the scroll of summoning, it crumbles to dust.
Wisps of shadow whirl around you...
The purple ugly thing basks in the mutagenic energy from its kin and changes!
You don't know any spells.
Okay, then.
The spriggan berserker attacks as you move away!
The spriggan berserker hits you with a +0 rapier!!
You die...

......##..####..##
.......##..##..##################
........#.####.#.................
...........##....................
........#[####.#........!........
.>..........................)..>.
.........([[..Guu.○"..)..[..<....
........(......u.iD..............
.............u..@.D..............
...........###############...##..
...........# #...##..
...........## #...##..
............### ########
..............##
...............###
.......[.#####...##
.......###...###..#


You could see a brown ugly thing (ally target), a spriggan berserker (berserk,
ally target), 3 friendly very ugly things, 2 friendly ice dragons and a friendly
glowing orange brain (summoned).

Vanquished Creatures
  A dread lich (Abyss:3)
  Vashnia (Snake:1)
  A quicksilver dragon (Abyss:3)
  2 deep elf blademasters (Abyss:3)
  Gastronok (D:12)
  5 tentacled starspawn (Abyss:3)
  A sphinx (D:14)
  Agnes (Snake:3)
  A tengu reaver (D:14)
  3 thorn hunters
  A draconian monk (Abyss:3)
  Kirke (D:15)
  A draconian knight (Abyss:3)
  3 nagarajas
  2 frost giants
  2 deep elf sorcerers (Abyss:3)
  Louise (Snake:1)
  A juggernaut zombie (Abyss:3)
  4 stone giants
  A war gargoyle (D:13)
  A very ugly thing (Depths:2)
  A draconian annihilator (Abyss:3)
  A minotaur (Gauntlet)
  9 eleionomae
  3 dire elephants (Lair:5)
  6 bunyips
  4 ettins
  An eidolon (Abyss:3)
  5 fire dragons
  A green death (Abyss:3)
  7 shambling mangroves
  A vault guard (D:14)
  A great orb of eyes (D:12)
  22 hydras
  3 rakshasas (Abyss:3)
  5 salamander tyrants (Snake:4)
  2 ice dragons (Depths:1)
  2 boulder beetles
  2 ogre magi
  A ghost crab (Swamp:4)
  4 anacondas
  13 alligators
  A spriggan air mage (Depths:1)
  5 centaur warriors
  9 naga warriors
  10 two-headed ogres
  Erica (D:10)
  8 tengu warriors
  A spriggan berserker (Swamp:3)
  A satyr (Abyss:3)
  3 vampire magi
  2 deep troll shamans (Depths:1)
  17 naga sharpshooters
  5 orc high priests (Orc:2)
  A sun demon (Lair:5)
  5 shock serpents
  A deep elf knight (D:14)
  Nergalle (Lair:2)
  3 skeletal warriors (D:15)
  2 iron trolls
  5 salamander mystics
  A sixfirhy (Abyss:3)
  Amaemon (D:11)
  2 wretched stars (Abyss:3)
  A shadow wraith (Abyss:3)
  6 goliath frogs
  6 spriggan druids
  4 deep trolls (Depths:1)
  A glowing orange brain (Abyss:3)
  2 bog bodies
  11 swamp dragons
  10 naga ritualists
  16 orc knights
  A wizard (Lair:5)
  A deep elf pyromancer (D:15)
  A deep elf zephyrmancer (D:12)
  3 mana vipers
  4 draconians (Abyss:3)
  5 cyclopes
  11 ugly things
  13 salamanders
  A will-o-the-wisp (Swamp:2)
  10 elephants
  3 worldbinders (Abyss:3)
  4 manticores
  2 guardian serpents
  An eye of devastation (Abyss:3)
  2 smoke demons
  A rust devil (Abyss:3)
  19 naga magi
  30 black mambas
  2 water nymphs (Abyss:3)
  4 orange demons
  2 apocalypse crabs (Abyss:3)
  11 cane toads
  A gargoyle (D:12)
  2 unseen horrors (D:12)
  Maggie (D:7)
  An unseen horror (shapeshifter) (Abyss:3)
  7 kobold demonologists
  2 yaktaurs (D:12)
  Psyche (D:12)
  An ice devil (Lair:5)
  9 komodo dragons
  3 tengu conjurers (D:14)
  2 rime drakes
  A red devil (Lair:5)
  2 ancient zymes (Abyss:3)
  3 trolls
  2 polar bears
  3 meliai (D:13)
  A meliai (shapeshifter) (D:12)
  16 hornets
  2 trolls (shapeshifter)
  5 tyrant leeches
  Prince Ribbit (D:7)
  6 raiju (Abyss:3)
  15 blink frogs
  2 slime creatures (D:14)
  A flying skull (Abyss:3)
  9 large abominations
  4 starcursed masses (Abyss:3)
  7 spriggans
  2 water elementals (Abyss:3)
  2 centaur simulacra
  A vampire (D:12)
  A spriggan (shapeshifter) (D:14)
  46 yaks
  3 shadows
  2 wraiths
  3 steam dragons
  A hog (shapeshifter) (D:14)
  6 wyverns
  3 basilisks
  4 hogs (D:15)
  2 chaos spawn (Abyss:3)
  A vampire mosquito (D:12)
  5 wargs
  35 nagas
  19 swamp worms
  2 acid dragons (D:9)
  9 water moccasins
  5 hell hounds (Lair:5)
  A meliai simulacrum (D:14)
  40 orc warriors
  A sky beast (D:7)
  A hornet zombie (Ossuary)
  6 swamp drakes (Swamp:4)
  2 ice beasts
  6 black bears
  7 ogres
  10 centaurs
  17 wolves
  2 phantoms
  7 kobold brigands
  9 small abominations
  2 gnoll sergeants
  12 bullfrogs
  2 wyvern zombies (Ossuary)
  A water moccasin zombie (Ossuary)
  7 scorpions
  11 killer bees (D:10)
  2 electric eels (Lair:4)
  3 howler monkeys
  4 bullfrog zombies (Ossuary)
  5 centaur zombies (Ossuary)
  5 hounds
  A jelly (shapeshifter) (D:14)
  32 orc priests
  An iron imp (Abyss:3)
  An iguana (D:5)
  18 orc wizards
  A killer bee zombie (Ossuary)
  11 mummies (Ossuary)
  3 howler monkey zombies (Ossuary)
  9 gnolls
  11 adders
  13 white imps
  2 worms
  10 dart slugs
  93 orcs
  8 endoplasms
  3 giant cockroaches
  7 goblins
  12 hobgoblins
  7 jackals
  48 kobolds
  4 quokkas
  4 ball pythons
  2 bats
  6 frilled lizards
  2 rats
  13 briar patches
  A lurking horror (Abyss:3)
  A starspawn tentacle (Abyss:3)
1151 creatures vanquished.

Vanquished Creatures (others)
  A naga sharpshooter (Snake:3)
  A mana viper (Snake:1)
  4 foxfires (Swamp:2)
  72 fungi
  92 plants
  5 starspawn tentacles (Abyss:3)
  22 withered plants
197 creatures vanquished.

Grand Total: 1348 creatures vanquished

Notes
Turn   | Place    | Note
-------+----------+-------------------------------------------
     0 | D:1      | iguanaiguana the Minotaur Fighter began the quest for the
                  | Orb.
     0 | D:1      | Reached XP level 1. HP: 19/19 MP: 0/0
   381 | D:1      | Reached XP level 2. HP: 27/27 MP: 1/1
   980 | D:2      | Reached XP level 3. HP: 33/33 MP: 2/2
  1742 | D:3      | Reached XP level 4. HP: 32/40 MP: 3/3
  2010 | D:3      | Noticed an ogre
  2011 | D:3      | Killed an ogre
  2012 | D:3      | Reached XP level 5. HP: 47/47 MP: 4/4
  2132 | D:3      | Found a faded altar of an unknown god.
  2606 | D:4      | Reached skill level 5 in Axes
  2795 | D:4      | Found a burning altar of Makhleb.
  2805 | D:4      | Found a glowing silver altar of Zin.
  2805 | D:4      | Noticed an angel
  2806 | D:4      | Noticed an Executioner
  2898 | D:4      | Found Imnie's Weapon Shop.
  2904 | D:4      | Reached XP level 6. HP: 55/55 MP: 5/5
  2943 | D:4      | Reached skill level 5 in Fighting
  2943 | D:4      | Reached skill level 5 in Armour
  2943 | D:4      | Reached skill level 5 in Shields
  3036 | D:4      | Found a shadowy altar of Dithmenos.
  3331 | D:4      | Noticed an ice beast
  3336 | D:4      | Reached XP level 7. HP: 47/61 MP: 6/6
  3677 | D:5      | Entered Level 5 of the Dungeon
  3723 | D:5      | Found a staircase to the Ecumenical Temple.
  3740 | Temple   | Entered the Ecumenical Temple
  3771 | Temple   | Became a worshipper of Qazlal Stormbringer
  4107 | D:5      | Found a sand-covered staircase.
  4113 | Ossuary  | Entered an ossuary
  4179 | Ossuary  | Reached XP level 8. HP: 38/70 MP: 7/7
  4184 | Ossuary  | Reached * piety under Qazlal
  5678 | D:6      | Reached skill level 1 in Invocations
  5680 | D:6      | Reached ** piety under Qazlal
  5951 | D:6      | Reached XP level 9. HP: 74/79 MP: 9/9
  6410 | D:7      | Found a basalt altar of Yredelemnul.
  6535 | D:7      | Found a white marble altar of Elyvilon.
  6707 | D:7      | Noticed Prince Ribbit
  6740 | D:7      | Killed Prince Ribbit
  7427 | D:7      | Noticed Maggie
  7436 | D:7      | Killed Maggie
  8437 | D:8      | Found a hide-covered altar of Uskayaw.
  8509 | D:8      | Reached skill level 5 in Invocations
  8645 | D:8      | Found a bloodstained altar of Trog.
  8717 | D:8      | Reached skill level 10 in Axes
  8859 | D:8      | Found an ornate altar of the Wu Jian Council.
  8940 | D:9      | Noticed a kobold demonologist
  8951 | D:9      | Noticed a kobold demonologist
  8955 | D:9      | Noticed a rust devil
  8957 | D:9      | Reached *** piety under Qazlal
  8958 | D:9      | Reached XP level 10. HP: 75/89 MP: 12/12
  9021 | D:9      | Noticed a smoke demon
  9024 | D:9      | Noticed an orange demon
  9075 | D:9      | Noticed a two-headed ogre
  9076 | D:9      | Noticed a two-headed ogre
  9089 | D:9      | Killed a two-headed ogre
 10064 | D:9      | Killed a two-headed ogre
 10065 | D:9      | Reached XP level 11. HP: 83/99 MP: 15/15
 10146 | D:9      | Found a staircase to the Lair.
 10469 | D:10     | Entered Level 10 of the Dungeon
 10469 | D:10     | Noticed a two-headed ogre
 10471 | D:10     | Killed a two-headed ogre
 10646 | D:10     | Noticed a seven-headed hydra
 10649 | D:10     | Killed a four-headed hydra
 10650 | D:10     | Reached skill level 10 in Fighting
 10650 | D:10     | Reached skill level 10 in Armour
 10701 | D:10     | Reached **** piety under Qazlal
 10790 | D:10     | Noticed Erica
 10800 | D:10     | Killed Erica
 11680 | Lair:1   | Entered Level 1 of the Lair of Beasts
 12205 | Lair:1   | Reached ***** piety under Qazlal
 12738 | Lair:2   | Reached skill level 10 in Invocations
 12785 | Lair:2   | Noticed Nergalle
 12834 | Lair:2   | Killed Nergalle
 12987 | Lair:2   | Found a staircase to the Swamp.
 13038 | Lair:2   | Reached XP level 12. HP: 80/110 MP: 18/18
 13481 | Lair:2   | Found a staircase to the Snake Pit.
 14009 | Lair:3   | Identified the +3 chain mail of Xounamonk {rC+ Slay+5}
 14066 | Lair:3   | Found a gate leading to a gauntlet.
 14071 | Gauntlet | Entered a Gauntlet
 14071 | Gauntlet | Found a transporter.
 14106 | Gauntlet | Found a runed translucent gate.
 14106 | Gauntlet | Found a runed translucent gate.
 14106 | Gauntlet | Found a runed translucent gate.
 14108 | Gauntlet | Found a transporter.
 14111 | Gauntlet | Found a transporter.
 14112 | Gauntlet | Found a transporter.
 14120 | Gauntlet | Found a transporter.
 14123 | Gauntlet | Found a transporter.
 14124 | Gauntlet | Found a transporter.
 14128 | Gauntlet | Found a runed translucent door.
 14129 | Gauntlet | Found a runed translucent door.
 14132 | Gauntlet | Found a transporter.
 14132 | Gauntlet | Noticed a death yak
 14132 | Gauntlet | Noticed a death yak
 14132 | Gauntlet | Noticed a death yak
 14135 | Gauntlet | Found a transporter.
 14136 | Gauntlet | Found a transporter.
 14136 | Gauntlet | Noticed a death yak
 14144 | Gauntlet | Found a transporter.
 14147 | Gauntlet | Found a transporter.
 14148 | Gauntlet | Found a transporter.
 14156 | Gauntlet | Found a transporter.
 14156 | Gauntlet | Noticed a ghost crab
 14159 | Gauntlet | Found the ring of the Mage {Wiz Archmagi}
 14426 | Gauntlet | Identified the +9 war axe "Joskital" {venom, rN+ Stlth+}
 14426 | Gauntlet | Noticed a minotaur
 14451 | Gauntlet | Killed a minotaur
 14471 | Gauntlet | Got the Dissertation on Attacks
 14694 | Lair:3   | Noticed a four-headed hydra
 14701 | Lair:3   | Killed a one-headed hydra
 15879 | Lair:4   | Reached XP level 13. HP: 118/122 MP: 21/21
 16144 | Lair:4   | Reached ****** piety under Qazlal
 16963 | Lair:5   | Entered Level 5 of the Lair of Beasts
 17225 | Lair:5   | Reached skill level 15 in Axes
 17245 | Lair:5   | Noticed a dire elephant
 17257 | Lair:5   | Killed a dire elephant
 17942 | Lair:5   | Reached skill level 15 in Fighting
 17944 | Lair:5   | Noticed a dire elephant
 17947 | Lair:5   | Noticed a dire elephant
 17954 | Lair:5   | Killed a dire elephant
 17960 | Lair:5   | Killed a dire elephant
 18716 | Lair:5   | Identified a scroll of acquirement
 18717 | Lair:5   | Acquired 569 gold pieces
 18837 | Lair:5   | Reached XP level 14. HP: 97/135 MP: 22/22
 19001 | Lair:5   | Found a staircase to the Slime Pits.
 19001 | Lair:5   | Found a viscous altar of Jiyva.
 19424 | Lair:5   | Found a burning altar of Makhleb.
 19430 | Lair:5   | Found a gateway to Hell.
 19613 | D:11     | Noticed Amaemon
 19618 | D:11     | Killed Amaemon
 19764 | D:11     | Reached skill level 1 in Throwing
 19964 | D:11     | Found a staircase to the Orcish Mines.
 20186 | Orc:1    | Entered Level 1 of the Orcish Mines
 20313 | Orc:2    | Entered Level 2 of the Orcish Mines
 20317 | Orc:2    | Reached skill level 1 in Dodging
 20401 | Orc:2    | Found a staircase to the Elven Halls.
 20564 | Orc:2    | Reached skill level 1 in Evocations
 22053 | Orc:2    | Found Nelohurph's General Store.
 22053 | Orc:2    | Found Qurghio's Magic Scroll Shoppe.
 22054 | Orc:2    | Found Gietsut's General Store.
 22054 | Orc:2    | Found Cuonov's Weapon Emporium.
 22062 | Orc:2    | Bought a scroll of immolation for 48 gold pieces
 22062 | Orc:2    | Bought a scroll of magic mapping for 90 gold pieces
 22066 | Orc:2    | Bought a potion of haste for 160 gold pieces
 22066 | Orc:2    | Bought a scroll of teleportation for 48 gold pieces
 22066 | Orc:2    | Bought a scroll of fear for 64 gold pieces
 22070 | Orc:2    | Bought 3 scrolls of summoning for 342 gold pieces
 22070 | Orc:2    | Bought a scroll of teleportation for 36 gold pieces
 22070 | Orc:2    | Bought a scroll of fear for 48 gold pieces
 22071 | Orc:2    | Bought a scroll of teleportation for 48 gold pieces
 22071 | Orc:2    | Bought a scroll of magic mapping for 120 gold pieces
 22071 | Orc:2    | Bought a scroll of magic mapping for 120 gold pieces
 22071 | Orc:2    | Bought 3 scrolls of enchant armour for 360 gold pieces
 22071 | Orc:2    | Bought a scroll of fear for 64 gold pieces
 22307 | D:4      | Bought the +5 war axe of Boshru {flame, rElec rN+ Will++
                  | Stlth-} for 869 gold pieces
 22822 | D:12     | Found a runed translucent door.
 22823 | D:12     | Found a runed translucent door.
 22824 | D:12     | Found a runed translucent door.
 22845 | D:12     | Noticed Psyche
 22849 | D:12     | Killed Psyche
 22903 | D:12     | Noticed Gastronok
 22917 | D:12     | Killed Gastronok
 23796 | D:12     | Reached skill level 10 in Shields
 23849 | D:12     | Reached skill level 5 in Throwing
 23874 | D:12     | Reached XP level 15. HP: 87/141 MP: 13/23
 24205 | D:13     | Found a shimmering altar of Xom.
 24205 | D:13     | Found a shimmering altar of Xom.
 24205 | D:13     | Found a shimmering altar of Xom.
 24205 | D:13     | Found a shimmering altar of Xom.
 24205 | D:13     | Found a shimmering altar of Xom.
 24206 | D:13     | Found a shimmering altar of Xom.
 24207 | D:13     | Found a shimmering altar of Xom.
 24208 | D:13     | Found a shimmering altar of Xom.
 24668 | D:14     | Noticed a tengu reaver
 24679 | D:14     | Noticed a sphinx
 24683 | D:14     | Killed a tengu reaver
 25066 | D:14     | Identified the +7 scimitar "Depalay" {freeze, Fly Str+8
                  | Int-5 Stlth+}
 25362 | D:14     | Killed a sphinx
 25369 | D:14     | Identified the ring "Fiptejeic" {*Corrode rElec Will+ EV+4
                  | Dex+2}
 25664 | D:14     | Found a gate to the Vaults.
 26057 | D:14     | Identified Roxanne's Tome of Stones
 26057 | D:14     | Noticed Roxanne
 26073 | D:14     | Reached skill level 5 in Dodging
 26560 | D:15     | Entered Level 15 of the Dungeon
 26560 | D:15     | Noticed Kirke
 26568 | D:15     | Killed Kirke
 27470 | D:15     | Found a staircase to the Depths.
 27680 | Swamp:1  | Entered Level 1 of the Swamp
 27727 | Snake:1  | Entered Level 1 of the Snake Pit
 28255 | Snake:1  | Reached XP level 16. HP: 122/151 MP: 25/25
 28296 | Snake:1  | Reached skill level 5 in Evocations
 28504 | Snake:1  | Found Eqysetot's Book Shoppe.
 28508 | Snake:1  | Found Pebloeq's Jewellery Boutique.
 28509 | Snake:1  | Found Kuistroi's Book Shoppe.
 28670 | Snake:1  | Found a broken altar of Ashenzari.
 29039 | Snake:2  | Noticed Louise
 29057 | Snake:2  | Noticed Vashnia
 29881 | Snake:1  | Killed Vashnia
 30231 | Snake:1  | Killed Louise
 31208 | Snake:2  | Noticed sleeves's ghost (adept BaSu)
 31554 | Snake:3  | Noticed Agnes
 31563 | Snake:3  | Killed Agnes
 31992 | Snake:4  | Entered Level 4 of the Snake Pit
 32683 | Snake:4  | Found a sacrificial altar of Ru.
 33065 | Snake:4  | Reached skill level 15 in Invocations
 33065 | Snake:4  | Reached XP level 17. HP: 110/159 MP: 10/27
 33631 | Snake:4  | Got a serpentine rune of Zot
 33952 | Swamp:1  | You are sucked into a shaft and drop 1 floor!
 34058 | Swamp:1  | Found the +2 shield of Resistance {rF++ rC++ Will++}
 35362 | Swamp:4  | Entered Level 4 of the Swamp
 35909 | Swamp:4  | Reached XP level 18. HP: 135/168 MP: 29/29
 36093 | Abyss:3  | Cast into level 3 of the Abyss (spriggan rider)
 36117 | Abyss:3  | Reached skill level 10 in Throwing
 36263 | Abyss:3  | Reached skill level 15 in Shields
 36306 | Abyss:3  | Found a transporter.
 36336 | Abyss:3  | Reached skill level 10 in Dodging
 36350 | Abyss:3  | Noticed a dread lich
 36360 | Swamp:3  | Escaped the Abyss
 36873 | Abyss:3  | Found a corrupted altar of Lugonu.
 36873 | Abyss:3  | Cast into level 3 of the Abyss (spriggan rider)
 36893 | Abyss:3  | Killed a dread lich
 37093 | Abyss:3  | Got an abyssal rune of Zot
 37105 | Swamp:3  | Escaped the Abyss
 37751 | Swamp:4  | Got a decaying rune of Zot
 38229 | Swamp:1  | Identified the +2 robe of Protective Custody {rC+}
 38851 | Depths:1 | Entered Level 1 of the Depths
 39628 | Depths:1 | Reached XP level 19. HP: 140/174 MP: 25/30
 40292 | Depths:1 | Found a broken altar of Ashenzari.
 40454 | Depths:1 | Found a hide-covered altar of Uskayaw.
 40503 | Depths:1 | Identified the +3 longbow of Smoking Death {flame, Dex+3}
 40604 | Depths:1 | Slain by a spriggan berserker

Illustrated notes

Levels and vault maps discovered:
D:1:      lemuel_arrival_rhombus, layout_loops_ring
D:2:      layout_loops_ring, kennysheep_generic_room_8
D:3:      layout_loops_ring, shapermc_ecumenical_altar_flowoftime
D:4:      layout_cave_pods, grunt_temple_overflow_order_and_chaos_2,
          nicolae_dithmenos_shadow_blocks, serial_shops, shop
D:5:      kennysheep_slugbush, layout_rooms, minmay_temple_entry_slanted,
          enter_ossuary_2, hangedman_abyss_or_decor_slice
D:6:      layout_loops_cross, grunt_decor_cap
D:7:      layout_basic, lemuel_coloured_pillars_altar, elyvilon_altar_3,
          uniq_prince_ribbit1, uniq_maggie
D:8:      layout_rooms, mainiacjoe_overflow_alcove_4,
          mainiacjoe_overflow_catch_the_wave
D:9:      layout_loops_ring, due_lair_maze_entry_diamond
D:10:     layout_stronghold, uniq_erica
D:11:     layout_roguey, hiddenorc1_lemuel, uniq_amaemon
D:12:     minmay_the_grid_triangle_9x9_rhombus_thin_mashed
          [minmay_the_grid_triangle_9x9_descending_squares,
          minmay_the_grid_triangle_9x9_prize_insulated,
          minmay_the_grid_triangle_9x9_fully_insulated_deathbox,
          minmay_the_grid_triangle_9x9_intruding_spiral], layout_cave_pods,
          special_room [special_room_orc], serial_co_window_serial,
          co_window_corner_a, co_window_corner_a, co_window_corner_a,
          co_window_paths_b, co_window_corner_a, co_window_corner_a,
          co_window_unsneaky_path_b, co_window_2corner, glass_columns_a,
          glass_columns_a, unseen_surprise_small, uniq_gastronok, uniq_psyche
D:13:     layout_cave_pools, kennysheep_doodads, xom_shifter_show
D:14:     minmay_complete_graph, layout_long_grid, david_vaults_4, uniq_roxanne
D:15:     grunt_enter_depths_snipers, layout_cave_pods,
          minmay_misc_feat_enclosed, uniq_kirke
Temple:   nicolae_temple_great_sept
Lair:1:   layout_cave_pods, grunt_megastairs_5
Lair:2:   layout_regular_city, minmay_swamp_entry_worms,
          guppyfry_snake_entry_island, st_stairs_4, uniq_nergalle
Lair:3:   layout_gridlike, gauntlet_entry_generic
Lair:4:   layout_layer_cave, portal_ice_cave_entry_imps, serial_bayou_shore_a
Lair:5:   evil_forest, layout_cave_pods, slime_entry_1
Swamp:1:  layout_falls_marsh, evilmike_swamp_ruin_house_6,
          infiniplex_staircase_pool
Swamp:2:  layout_falls_marsh, nicolae_swamp_some_circles
Swamp:3:  layout_basic_swamp, hangedman_swamp_pad, hangedman_swamp_lotus,
          swamp_pool2
Swamp:4:  swamp, layout_basic_swamp, infiniplex_staircase_pool_2
Snake:1:  layout_honeycomb, basic_altar, minmay_shop_grove, grunt_megastairs_3
Snake:2:  layout_misc_corridors, gammafunk_ghost_abyssal_escape, serial_shops,
          shop, shop, uniq_vashnia, uniq_aizul, uniq_louise
Snake:3:  layout_grid_maze, drop_trap, nicolae_snake_snakewalk,
          lemuel_fruit_tree, minmay_shop_star, uniq_agnes, uniq_mlioglotl
Snake:4:  snake_pit, layout_cave_town, basic_altar
Orc:1:    layout_diamond_mine, uniq_fannar
Orc:2:    st_orc_pillars, layout_caves
Depths:1: layout_cross, hangedman_tar_grid_catacomb, nicolae_uskayaw_en_pointe,
          corexii_hall_statues_l, nicolae_ashenzari_skybound
Depths:2: minmay_octagon_city, layout_gridville, grunt_hell_entry_dis_grunt,
          pan_entry, minmay_misc_feat_four_crosses, minivault_15

Skill      XL: |  1  2  3  4  5  6  7  8  9 10 11 12 13 14 15 16 17 18 19 |
---------------+----------------------------------------------------------+-----
Axes           | 3 4 5 6 7 9 10 11 12 14 17 18 | 18.0
Fighting       | 4 5 6 7 8 9 11 13 15 16 | 16.8
Armour         | 4 5 6 7 8 9 10 11 12 | 12.2
Shields        | 4 5 6 7 8 10 11 12 14 16 | 16.0
Invocations    | 1 5 7 10 12 13 15 16 17 18 | 18.0
Throwing       | 5 7 8 9 11 | 11.3
Dodging        | 3 5 7 9 11 | 11.3
Evocations     | 3 4 6 8 |  8.0

Action                   |  1- 3 |  4- 6 |  7- 9 | 10-12 | 13-15 | 16-18 | 19-21 || total
-------------------------+-------+-------+-------+-------+-------+-------+-------++-------
Melee: War axe           |    81 |    86 |   290 |       |   175 |    91 |       ||   723
       Headbutt          |     8 |     7 |    59 |    90 |   169 |   272 |    26 ||   631
       Broad axe         |       |       |    47 |   412 |   635 |   913 |    63 ||  2070
Throw: Dart              |       |       |       |     3 |       |     4 |       ||     7
       Boomerang         |       |       |       |       |     4 |    38 |    10 ||    52
Invok: Upheaval          |       |       |       |     4 |     5 |       |       ||     9
       Disaster Area     |       |       |       |       |     2 |    14 |       ||    16
       Elemental Force   |       |       |       |       |       |     1 |       ||     1
Evoke: Wand              |       |       |     7 |       |       |     2 |       ||     9
  Use: Potion            |       |       |     2 |     5 |     1 |    21 |       ||    29
       Scroll            |       |       |    21 |     5 |     9 |    10 |     1 ||    46
 Stab: Invisible         |       |       |       |     2 |       |       |       ||     2
Armor: Scale mail        |    27 |    46 |   116 |       |       |       |       ||   189
       Plate armour      |       |       |    29 |   125 |       |       |       ||   154
       Chain mail        |       |       |       |    50 |   216 |   298 |    17 ||   581
Dodge: Dodged            |    49 |    49 |   105 |   106 |   178 |   329 |    18 ||   834
       Repelled          |       |       |       |       |     9 |    30 |       ||    39
Block: Buckler           |    26 |    19 |   119 |   276 |   377 |       |       ||   817
       Kite shield       |       |       |       |       |   150 |   593 |    46 ||   789
       Tower shield      |       |       |       |       |       |   567 |       ||   567
